[Event "Late-Titled-Tuesday-Blitz-January-16-2024"]
[Site "Chess.com"]
[Date "2024.01.16"]
[Round "7"]
[White "wanyaland"]
[Black "Lion-Al-Messi"]
[Result "1/2-1/2"]
[WhiteElo "2477"]
[BlackElo "2604"]
[TimeControl "180+1"]
[EndTime "15:19:58 PST"]
[Termination "Game drawn by stalemate"]

1. d4 d5 2. c4 c6 3. Nc3 Nf6 4. Nf3 dxc4 5. a4 Bf5 6. Ne5 Nbd7 7.
Nxc4 Nb6 8. Ne5 a5 9. f3 Nfd7 10.
e4 Nxe5 11. exf5 Ned7 12. Be2 e6 13. fxe6 fxe6 14. O-O Bd6 15. Re1 O-O 16. Ne4 Bc7 17. Bf1 Qh4 18. g3 Qh5 19. Bg2 Rae8 20. Qb3 Qd5 21. Qd3 e5 22. Be3 exd4 23. Qxd4 Be5 24. Qxd5+ cxd5 25. Nf2 Bxb2 26. Rab1 Nc4 27. Bf4 Rxe1+ 28.
Rxe1 Nf6 29. Nd3 Bd4+ 30. Kh1 Re8 31. Rxe8+ Nxe8 32. Bc1 Be3 33. f4 Bxc1 34. Bxd5+ Kf8 35. Nxc1 Nb6 36. Bxb7 Nxa4 37. Nb3 Nd6 38. Bc6 Nb2 39. Nxa5 Nd3 40. Kg2 Ke7 41. Nb7 Nc4 42. Be4 Nb4 43. Bxh7 Kf6 44. Be4 Nd2 45. Bf3 Nd3 46. Be2 Nc1 47.
Bb5 Ncb3 48. Nd6 Nd4 49. Bd3 N2f3 50. Ne4+ Ke7 51. Kh3 Ne1 52. Bc4 Nec2 53. Ng5 Kf6 54. Bd3 Ne3 55. Ne4+ Ke7 56. g4 Ne6 57. Kg3 Nd5 58. f5 Nd4 59. Bf1 Ne3 60. Bg2 Nc4 61.
h4 Ne5 62. h5 Ne2+ 63. Kf2 Nf4 64. Bf3 Nfd3+ 65. Kg3 Ne1 66. Be2 Nc2 67. g5 Nd4 68.
Bg4 Kf7 69. f6 gxf6 70. Nxf6 Kf8 71. h6 Ng6 72. Bh5 Nh8 73. Kg4 Nc6 74. Nd5 Ne5+ 75.
Kf5 Nc4 76. Nf4 Nd6+ 77. Ke6 Ne4 78. Ng6+ Kg8 79. Nxh8 Kxh8 80. Kf5 Ng3+ 81. Kg4 Ne2 82. Bg6 Nd4 83. Kh5 Ne6 84. Be4 Nf4+ 85. Kg4 Ne6 86. Kf5 Nxg5 87. Kxg5 Kg8 88. Kh5 Kh8 89. Bf5 Kg8 90.
Kg6 Kh8 91. Kf6 Kg8 92. h7+ Kh8 93. Kf7 1/2-1/2

[Event "Late-Titled-Tuesday-Blitz-January-16-2024"]
[Site "Chess.com"]
[Date "2024.01.16"]
[Round "7"]
[White "CamillaEffect"]
[Black "lucliasco"]
[Result "1-0"]
[WhiteElo "2575"]
[BlackElo "2851"]
[TimeControl "180+1"]
[EndTime "15:20:42 PST"]
[Termination "CamillaEffect won by resignation"]

1. e4 e5 2. Nf3 Nc6 3. Nc3 Nf6 4. d4 exd4 5. Nd5 d6 6. Nxd4 Be7 7. Nb5 O-O 8.
Nbxc7 Nxd5 9. Nxd5 Be6 10. Be2 Bxd5 11. Qxd5 Rc8 12. c3 Ne5 13. O-O Qc7 14. f4 Nd7 15.
Be3 Nf6 16. Qd4 b6 17. Rad1 Rcd8 18. h3 d5 19. e5 Bc5 20. Qd3 Ne4 21. Bf3 f5 22. exf6 Nxf6 23. Bd4 Bxd4+ 24. Qxd4 Rfe8 25. Rfe1 Qd7 26. Re5 Qb5 27. Bxd5+ Kh8 28. c4 Qa4 29. a3 Qc2 30. Rd2 Qc1+ 31. Rd1 Qc2 32. Qd2 Qb3 33. Rde1 Rf8 34. R1e3 Qxc4 35. Bxc4 Rxd2 36. Re7 Nh5 37. Rxa7 Rd4 38. b3 Rdxf4 39. Re5 Nf6 40. Ree7 Nh5 41. Rab7 R4f6 42. a4 h6 43. Rf7 R6xf7 44. Rxf7 Rd8 45. Rb7 Rd6 46. b4 Rd4 47. Rc7 Nf4 48. a5 bxa5 49. bxa5 Rd1+ 50. Kh2 Rd2 51. a6 Rxg2+ 52. Kh1 Rg3 53.
a7 Rxh3+ 54. Kg1 Rg3+ 55. Kf2 Ra3 56. Rc8+ Kh7 57. a8=Q Rxa8 58. Rxa8 g5 59. Kg3 Kg6 60.
Ra6+ Kg7 61. Ba2 Nh5+ 62. Kg2 Nf4+ 63. Kh2 h5 64. Bb1 g4 65. Bf5 Ne2 66. Bc8 Nd4 67. Kg3 Ne2+ 68. Kh4 g3 69. Bf5 Kf7 70. Be4 Ke7 71. Bf3 Nc3 72. Kxg3 Kd8 73. Ra7 h4+ 74. Kxh4 Nb5 75. Rh7 Nd6 76. Kh5 Ne8 77. Rh8 Ke7 78.
Kg6 Nd6 79. Rh7+ Ke6 80. Rh1 Ke5 81. Bh5 Ne4 82. Re1 Kf4 83. Ra1 Nf2 84. Ra4+ Ke3 85. Kg5 Nd3 86. Kf5 Nf2 87. Ra3+ Kd4 88. Kf4 Nd3+ 89.
Kf5 Nc5 90. Ra8 Nb7 91. Rb8 Nd6+ 92. Ke6 Ne4 93. Bg6 Nc5+ 94. Kf5 Na6 95. Rd8+ Kc5 96. Ke5 Nb4 97. Rc8+ Nc6+ 98. Ke6 Kb6 99. Kd6 Na5 100.
Rc1 Kb5 101. Kd5 Kb4 102. Bd3 Nb3 103. Rc4+ Ka3 104. Rc8 Kb4 105. Bc4 Nd2 106. Kd4 Nf3+ 107. Kd5 Nd2 108. Be2 Kb3 109. Kd4 Kb4 110. Rb8+ Ka5 111. Kc5 Ne4+ 112. Kc6 Ka4 113. Bd3 Nf2 114. Bc4 Ne4 115. Kd5 Nc3+ 116. Kd4 Nd1 117. Kc5 Ka3 118. Rb3+ Ka2 119. Rd3+ Kb2 120. Rxd1 Kc3 121. Re1 1-0

[Event "Late-Titled-Tuesday-Blitz-January-16-2024"]
[Site "Chess.com"]
[Date "2024.01.16"]
[Round "7"]
[White "dmitrijiIM"]
[Black "MITerryble"]
[Result "0-1"]
[WhiteElo "2880"]
[BlackElo "3037"]
[TimeControl "180+1"]
[EndTime "15:20:49 PST"]
[Termination "MITerryble won on time"]

1. d4 e6 2. c4 Bb4+ 3. Bd2 Bxd2+ 4. Qxd2 Nf6 5. Nc3 d6 6. g3 O-O 7.
Bg2 e5 8. Nf3 Qe7 9. O-O Re8 10.
Rad1 Nbd7 11. e4 c6 12. Rfe1 a6 13. a4 a5 14. h3 g6 15. Kh2 Kg7 16. Kg1 h6 17.
Kh2 b6 18. d5 cxd5 19. Nxd5 Nxd5 20. Qxd5 Rb8 21. Qxd6 Qxd6 22. Rxd6 Nc5 23. Re2 Nxa4 24. h4 Bg4 25. b3 Nc5 26. Re3 Bxf3 27. Bxf3 Red8 28.
Rd5 Kf6 29. Bg4 Rxd5 30. exd5 h5 31. Bh3 Rd8 32. Kg2 e4 33. f3 exf3+ 34. Kxf3 Rb8 35.
Bf1 Nb7 36. Bd3 Nd6 37. Ke2 Ra8 38. Kd2 Rc8 39. Rf3+ Ke7 40. Kc3 Nb5+ 41. Kb2 Nd6 42. Kc3 Nb7 43. Kd4 Nc5 44. Bc2 Rd8 45. Re3+ Kf8 46. Rf3 Kg7 47. Re3 Kf8 48. Rf3 Ke7 49.
Re3+ Kd6 50. Rf3 f5 51. Re3 Kd7 52. Re2 Rf8 53. Rf2 Kd6 54. Re2 Kd7 55. Rf2 Re8 56.
Kc3 Re3+ 57. Kd4 Rxg3 58. Ke5 Rg4 59. Kf6 Kd6 60. Re2 Nd7+ 61. Kf7 Ne5+ 62. Kf6 Nd7+ 63. Kf7 Nc5 64. Re6+ Nxe6 65. dxe6 Rg2 66. e7 Re2 67. e8=Q Rxe8 68. Kxe8 Ke6 69. Kd8 Kf6 70. Kc7 g5 71. hxg5+ Kxg5 72. Kxb6 h4 73. Bd1 Kf4 74. c5 h3 75. c6 h2 76. c7 h1=Q 77. c8=Q Qxd1 78. Qc4+ Kg3 79. Qc3+ Kg4 80. Kxa5 f4 81. Qg7+ Kf3 82. b4 Qd8+ 83. Ka4 Qa8+ 84. Kb3 Qd5+ 85. Ka4 Qa2+ 86.
Kb5 Kf2 87. Kb6 f3 88. Qd4+ Kg2 89. Qg4+ Kf2 90. Qd4+ Kf1 91. b5 Qe2 92. Kc6 Qe6+ 93. Kc5 Qc8+ 94. Kb4 Qf8+ 95. Kc4 Qf7+ 96. Kc5 Qc7+ 97.
Kb4 Qe7+ 98. Kc4 f2 99. Qd1+ Kg2 100. Qg4+ Kh2 101. Qh5+ Kg3 102. Qg6+ Kf4 103. Qh6+ Kg4 104. Qg6+ Kf3 105. Qf5+ Kg3 106. Qg6+ Kh2 107. Qh5+ Kg1 108. Qg4+ Kf1 0-1

[Event "Late-Titled-Tuesday-Blitz-January-16-2024"]
[Site "Chess.com"]
[Date "2024.01.16"]
[Round "7"]
[White "Hrant_ChessMood"]
[Black "Rud_Makarian"]
[Result "1/2-1/2"]
[WhiteElo "2903"]
[BlackElo "3046"]
[TimeControl "180+1"]
[EndTime "15:21:07 PST"]
[Termination "Game drawn - insufficient material"]

1. Nf3 Nf6 2. c4 e6 3. Nc3 d5 4.
e3 dxc4 5. Bxc4 a6 6. O-O b5 7. Be2 Bb7 8. b3 c5 9. Bb2 Nbd7 10. a4 b4 11. Nb1 Be7 12. d3 O-O 13. Nbd2 Nd5 14. Qc2 Bf6 15. Ne4 Bxb2 16. Qxb2 Qe7 17. Rfc1 Rac8 18. Bf1 h6 19. a5 Rfd8 20. Rc2 N7f6 21. Nxf6+ Nxf6 22. Ne5 Nd5 23. d4 Nc3 24. dxc5 Rxc5 25. Nc4 Rcd5 26. Rd2 Qf6 27. Rxd5 exd5 28. Nb6 d4 29. exd4 Rxd4 30. Re1 g6 31. Qc1 Kg7 32. Nc4 Bd5 33. f3 Be6 34. Qe3 Rd5 35. h3 Bf5 36.
Kh2 Bc2 37. Nb6 Rxa5 38. Bc4 Ra3 39. Qe7 Qf4+ 40. Kh1 Bxb3 41. Bxb3 Rxb3 42. Nd7 g5 43. Qf8+ Kg6 44. Qg8+ Kh5 45. Qg7 Kh4 46. Qxh6+ Kg3 47. Nf6 Kf2 48. Rg1 Rb1 49. Ng4+ Ke2 50. Rxb1 Nxb1 51. Qxa6+ Kd2 52. Qa2+ Kc1 53. Nf2 Qd2 54. Qc4+ Kb2 55. Nd3+ Ka3 56. Qa6+ Kb3 57. Nc5+ Kb2 58.
Qc4 Qc1+ 59. Qxc1+ Kxc1 60. Nd3+ Kd2 61. Nxb4 Ke3 62. Nc6 Kf4 63. Kh2 Nc3 64. Nd8 f6 65. Ne6+ Kf5 66. Nd4+ Ke5 67. Nc2 Nd5 68. Kg3 Nf4 69.
Ne3 Ke6 70. Kf2 Nd3+ 71. Kg3 Kf7 72. Nf5 Kg6 73. Nd4 Nf4 74. Kh2 Nd3 75. Nc2 Nf4 76. Ne3 Ne2 77. g3 Nd4 78. Kg2 Ne6 79. Kf2 f5 80.
Nc4 Kf6 81. Ke2 Nd4+ 82. Ke3 Ne6 83. Nb6 f4+ 84. Kf2 fxg3+ 85. Kxg3 Kf5 86. Nd5 Nd4 87. Ne3+ Kg6 88. Kg4 Nc6 89. Nc4 Kf6 90. Nd6 Ne5+ 91. Kg3 Nd3 92. Ne4+ Kf5 93. Nc3 Nc5 94. Nd1 Ne6 95.
Ne3+ Kf6 96. Kg4 Kg6 97. Nf5 Kf6 98. Nd6 Kg6 99. Ne4 Kh6 100. Kf5 Nd4+ 101. Kg4 Ne6 102. Nf6 Kg6 103. Nd5 Kh6 104. Kf5 Nd4+ 105. Ke4 Ne2 106. Nf6 Ng1 107. Ng4+ Kh5 108. Nf2 Kh4 109. Kf5 Nxf3 110. Ne4 Kxh3 111.
Nxg5+ 1/2-1/2

[Event "Late-Titled-Tuesday-Blitz-January-16-2024"]
[Site "Chess.com"]
[Date "2024.01.16"]
[Round "8"]
[White "KorolDimitriy75"]
[Black "Bastiandash"]
[Result "1-0"]
[WhiteElo "2373"]
[BlackElo "2499"]
[TimeControl "180+1"]
[EndTime "15:22:30 PST"]
[Termination "KorolDimitriy75 won by resignation"]

1. d4 Nf6 2. c4 g6 3. Nc3 d5 4.
cxd5 Nxd5 5. e4 Nxc3 6. bxc3 Bg7 7. Nf3 O-O 8. Rb1 c5 9. Be2 cxd4 10. cxd4 Qa5+ 11.
Qd2 Qxd2+ 12. Bxd2 Nc6 13. d5 Nd4 14. Nxd4 Bxd4 15.
Bb4 Re8 16. Bb5 1-0

[Event "Late-Titled-Tuesday-Blitz-January-16-2024"]
[Site "Chess.com"]
[Date "2024.01.16"]
[Round "8"]
[White "imdarealist"]
[Black "Arteler"]
[Result "0-1"]
[WhiteElo "2292"]
[BlackElo "2477"]
[TimeControl "180+1"]
[EndTime "15:22:44 PST"]
[Termination "Arteler won by resignation"]

1. d4 d5 2. Bf4 c5 3. e3 Nc6 4. c3 Nf6 5. Nd2 Bf5 6. Qb3 Qb6 7. dxc5 Qxb3 8. axb3 e5 9. Bb5 exf4 10.
exf4 Bxc5 11. b4 Bb6 0-1

[Event "Late-Titled-Tuesday-Blitz-January-16-2024"]
[Site "Chess.com"]
[Date "2024.01.16"]
[Round "8"]
[White "finec2"]
[Black "JaackCamel"]
[Result "0-1"]
[WhiteElo "2255"]
[BlackElo "2153"]
[TimeControl "180+1"]
[EndTime "15:23:20 PST"]
[Termination "JaackCamel won by resignation"]

1. e4 e6 2. d4 d5 3. e5 c5 4. c3 Nc6 5. Nf3 Qb6 6. Bd3 cxd4 7.
cxd4 Bd7 8. O-O Nxd4 9. Nxd4 Qxd4 10. Qe2 a6 11. Kh1 Ne7 12. f4 Nc6 13. a3 Bc5 14.
Nc3 Ba7 15. Bd2 g6 16. Rad1 Qb6 17. Be3 Qxe3 0-1

[Event "Late-Titled-Tuesday-Blitz-January-16-2024"]
[Site "Chess.com"]
[Date "2024.01.16"]
[Round "8"]
[White "jjbolanos"]
[Black "MusicCityMaster"]
[Result "1-0"]
[WhiteElo "2121"]
[BlackElo "2392"]
[TimeControl "180+1"]
[EndTime "15:23:43 PST"]
[Termination "jjbolanos won by resignation"]

1. e4 e6 2. d4 d5 3. Bd3 dxe4 4.
Bxe4 Nf6 5. Bf3 Nbd7 6. Ne2 Bd6 7. O-O e5 8. Ng3 exd4 9. Re1+ Kf8 10. Qxd4 h6 11.
Nf5 Bc5 12. Qh4 g5 13. Bxg5 1-0

[Event "Late-Titled-Tuesday-Blitz-January-16-2024"]
[Site "Chess.com"]
[Date "2024.01.16"]
[Round "8"]
[White "Practical-Play"]
[Black "MightyGMpretender"]
[Result "1-0"]
[WhiteElo "2542"]
[BlackElo "2812"]
[TimeControl "180+1"]
[EndTime "15:24:57 PST"]
[Termination "Practical-Play won by resignation"]

1. e4 c5 2. c3 d5 3. exd5 Qxd5 4. d4 g6 5. Nf3 Bg7 6. Na3 cxd4 7.
Nb5 Qd7 8. Bf4 Na6 9. Nbxd4 Qd8 10. Bb5+ Bd7 11. Qa4 Nf6 12. Ne5 Nc5 13. Qc4 Ne6 14. Nxe6 fxe6 15. Qxe6 Rf8 16. Nxd7 Nxd7 17. O-O-O Rxf4 18. Rxd7 1-0

[Event "Late-Titled-Tuesday-Blitz-January-16-2024"]
[Site "Chess.com"]
[Date "2024.01.16"]
[Round "8"]
[White "FairChess_on_YouTube"]
[Black "Bigfish1995"]
[Result "1/2-1/2"]
[WhiteElo "3102"]
[BlackElo "3085"]
[TimeControl "180+1"]
[EndTime "15:25:06 PST"]
[Termination "Game drawn by agreement"]

1. Nf3 d5 2. d4 Nf6 3. c4 e6 4. Bg5 Be7 5. e3 Nbd7 6. Nc3 h6 7. Bh4 O-O 8. Rc1 c5 9. cxd5 Nxd5 10. Bxe7 Nxe7 11.
Be2 b6 12. dxc5 Nxc5 13. b4 Qxd1+ 14. Rxd1 Nd7 15. O-O Nf6 16. Ne5 Bb7 17. Nd7 Nxd7 18. Rxd7 Nd5 19. Nxd5 Bxd5 20. Bf3 Bxf3 21. gxf3 Rfd8 22.
Rfd1 Rxd7 23. Rxd7 a5 24. b5 Rc8 25. Rb7 Rc2 26.
a4 Rc4 27. Rxb6 Rxa4 28. Rb8+ Kh7 29. Ra8 Ra1+ 30. Kg2 a4 31. b6 Rb1 32. Rxa4 Rxb6 33.
Ra7 1/2-1/2

[Event "Late-Titled-Tuesday-Blitz-January-16-2024"]
[Site "Chess.com"]
[Date "2024.01.16"]
[Round "8"]
[White "GMAkobianSTL"]
[Black "CamillaEffect"]
[Result "1-0"]
[WhiteElo "2714"]
[BlackElo "2570"]
[TimeControl "180+1"]
[EndTime "15:25:10 PST"]
[Termination "GMAkobianSTL won by resignation"]

1. d4 d5 2. c4 c6 3. cxd5 cxd5 4.
Nf3 Nf6 5. Nc3 Nc6 6. Bf4 Bf5 7.
e3 e6 8. Qb3 Nb4 9. Bb5+ Nd7 10. Ne5 Bc2 11. Bxd7+ Qxd7 12. Nxd7 Bxb3 13. Nxf8 Nc2+ 14.
Kd2 Nxa1 15. Rxa1 Bc4 16. Bd6 Rxf8 17. Bxf8 Kxf8 18. Rc1 b6 19. b3 Ba6 20. f3 Rc8 21.
e4 dxe4 22. fxe4 Ke7 23. a4 f6 24. g3 Rc7 25. Nd5+ 1-0

[Event "Late-Titled-Tuesday-Blitz-January-16-2024"]
[Site "Chess.com"]
[Date "2024.01.16"]
[Round "8"]
[White "HajiyevKanan"]
[Black "Kostukov_Alex"]
[Result "1-0"]
[WhiteElo "2556"]
[BlackElo "2310"]
[TimeControl "180+1"]
[EndTime "15:25:13 PST"]
[Termination "HajiyevKanan won by resignation"]

1. d4 g6 2. Nf3 Bg7 3. c4 d6 4. g3 e5 5. dxe5 dxe5 6. Qxd8+ Kxd8 7. Nc3 f6 8. Bg2 Nd7 9. Be3 c6 10. O-O-O Bh6 11. Bxh6 Nxh6 12. Ne4 Ke7 13. Bh3 Nf5 14. Bxf5 gxf5 15. Nd6 Nc5 16. Nxc8+ Raxc8 17. Nh4 Ke6 18. f3 a5 19. Rd2 Rcd8 20. Rhd1 Rxd2 21. Rxd2 Rg8 22. Kc2 h5 23. b3 f4 24. gxf4 exf4 25. Rd4 Ke5 26. Rd1 Ne6 27. Kc3 Rd8 28. Ng6+ Kf5 29. Ne7+ Ke5 30. Rg1 b5 31. Nxc6+ 1-0

[Event "Late-Titled-Tuesday-Blitz-January-16-2024"]
[Site "Chess.com"]
[Date "2024.01.16"]
[Round "8"]
[White "momotaro77"]
[Black "Russian_berezka"]
[Result "1-0"]
[WhiteElo "2478"]
[BlackElo "2584"]
[TimeControl "180+1"]
[EndTime "15:25:17 PST"]
[Termination "momotaro77 won by resignation"]

1. e4 g6 2. d4 Bg7 3. Nc3 d5 4. exd5 Nf6 5. Bb5+ Bd7 6. Be2 Bf5 7. Bf3 Nbd7 8. g4 Nxg4 9. Bxg4 Nf6 10. Bxf5 gxf5 11. Qf3 Qd7 12. Nge2 O-O-O 13. Rg1 Rhg8 14. Bf4 e6 15. dxe6 Qxe6 16. O-O-O Ne4 17. Nxe4 fxe4 18. Qc3 c6 19. Qa5 Kd7 20. Qxa7 Ke8 21. Qxb7 Qxa2 22.
Qxc6+ Ke7 23. c3 Rb8 24. Bxb8 Rxb8 25. Qc7+ Ke6 26. Qxb8 Bh6+ 27. Kc2 Qa4+ 28. Qb3+ Qxb3+ 29. Kxb3 f5 30. d5+ 1-0

[Event "Late-Titled-Tuesday-Blitz-January-16-2024"]
[Site "Chess.com"]
[Date "2024.01.16"]
[Round "8"]
[White "AkatsukiLogHorizon"]
[Black "th3d4rkness"]
[Result "0-1"]
[WhiteElo "2252"]
[BlackElo "2120"]
[TimeControl "180+1"]
[EndTime "15:25:22 PST"]
[Termination "th3d4rkness won by resignation"]

1. e4 c5 2. g3 Nc6 3. Bg2 g6 4. Ne2 Bg7 5. c3 d6 6. d4 cxd4 7. cxd4 e6 8. O-O Nge7 9. Nbc3 a6 10. d5 exd5 11. exd5 Ne5 12. f4 Ng4 13. h3 Qb6+ 14.
Kh1 Nf2+ 15. Rxf2 Qxf2 16. Bd2 O-O 17. Be1 Qb6 18. Na4 Qd8 19. Rc1 b5 20. Nac3 Nf5 21.
b3 Ne3 22. Qd3 Nxg2 23. Kxg2 Qd7 24. g4 f5 25. g5 Re8 26. Nd4 Bxd4 27. Qxd4 Bb7 28.
Bf2 Rac8 29. Rd1 Qc7 30. Be1 Qg7 31. Qd3 b4 32. Na4 a5 33. Bf2 Qe7 34. Nb6 Rc3 35.
Qd4 Qe4+ 36. Qxe4 Rxe4 37. Bg3 Re2+ 38. Kf1 Rxa2 0-1

[Event "Late-Titled-Tuesday-Blitz-January-16-2024"]
[Site "Chess.com"]
[Date "2024.01.16"]
[Round "8"]
[White "DraningWaterHi"]
[Black "IgorBjelobrk"]
[Result "0-1"]
[WhiteElo "2247"]
[BlackElo "2631"]
[TimeControl "180+1"]
[EndTime "15:25:34 PST"]
[Termination "IgorBjelobrk won by resignation"]

1. d4 e6 2. c4 b6 3. Nc3 Bb7 4. Qc2 f5 5. e4 fxe4 6. Nxe4 Bb4+ 7. Bd2 Bxd2+ 8. Nxd2 Nf6 9. Ngf3 O-O 10. Bd3 Nc6 11.
a3 Ne7 12. O-O-O c5 13. dxc5 bxc5 14. Ne4 Bxe4 15. Bxe4 Rb8 16. Bd3 Qc7 17. h3 Rb6 18.
Rhe1 Rfb8 19. Ng5 Qf4+ 20. Qd2 Qxd2+ 21. Kxd2 Rxb2+ 22. Ke3 Nc6 23. Rb1 Nd4 24. Rxb2 Rxb2 25. Rb1 Rxb1 26. Bxb1 d5 27. cxd5 exd5 28. Nf3 Nxf3 29.
Kxf3 Kf7 30. Ke3 Ke6 31. Kd3 Ke5 32. Ke3 g5 33. g3 d4+ 34. Kd3 Ne4 35. Kc4 Nd2+ 0-1

[Event "Late-Titled-Tuesday-Blitz-January-16-2024"]
[Site "Chess.com"]
[Date "2024.01.16"]
[Round "8"]
[White "sergoy"]
[Black "xakevicius91"]
[Result "1-0"]
[WhiteElo "2985"]
[BlackElo "2546"]
[TimeControl "180+1"]
[EndTime "15:25:39 PST"]
[Termination "sergoy won by resignation"]

1. d4 Nf6 2. c4 e6 3. Nf3 b6 4. g3 Bb7 5. Bg2 Be7 6. O-O O-O 7. Re1 Na6 8. h4 c5 9. d5 exd5 10. cxd5 Bxd5 11. Nc3 Bc6 12. e4 d6 13. Bf4 Nc7 14. Qd2 Ne6 15. Rad1 Nxf4 16. Qxf4 Qc7 17. g4 Rfe8 18.
h5 Nd7 19. g5 Ne5 20. Nxe5 dxe5 21. Qg3 Rad8 22. g6 Bf6 23. gxh7+ Kxh7 24. Nd5 Bxd5 25.
exd5 Rd6 26. Be4+ Kh8 27. Qf3 Qd7 28. Kf1 Kg8 29. b3 Qb5+ 30. Rd3 Kf8 31. a4 Qd7 32.
Bf5 Qc7 33. Re4 Ke7 34. Rg4 Kd8 35. Qe4 Qe7 36. Qc4 Kc7 37. b4 Rdd8 38. d6+ Rxd6 39.
bxc5 Rxd3 40. cxb6+ Kxb6 41. Qb5+ Kc7 42. Rc4+ 1-0

[Event "Late-Titled-Tuesday-Blitz-January-16-2024"]
[Site "Chess.com"]
[Date "2024.01.16"]
[Round "8"]
[White "adic2020"]
[Black "EcosseKillie"]
[Result "1-0"]
[WhiteElo "2455"]
[BlackElo "2271"]
[TimeControl "180+1"]
[EndTime "15:25:52 PST"]
[Termination "adic2020 won by resignation"]

1. e4 Nf6 2. e5 Nd5 3. c4 Nb6 4. d4 d6 5. exd6 cxd6 6. Nc3 g6 7. Be3 Bg7 8. Rc1 O-O 9. b3 d5 10. c5 N6d7 11. Nf3 Nf6 12. h3 Nc6 13. Bb5 Bd7 14. O-O a6 15. Be2 Bf5 16. Re1 Ne4 17. Na4 e5 18.
dxe5 Nxe5 19. Nb6 Nxf3+ 20. Bxf3 d4 21. Bxd4 Bxd4 22. Bxe4 1-0

[Event "Late-Titled-Tuesday-Blitz-January-16-2024"]
[Site "Chess.com"]
[Date "2024.01.16"]
[Round "8"]
[White "Roedor"]
[Black "miraitrunks"]
[Result "0-1"]
[WhiteElo "2333"]
[BlackElo "2108"]
[TimeControl "180+1"]
[EndTime "15:26:00 PST"]
[Termination "miraitrunks won by resignation"]

1. d4 Nf6 2. c4 g6 3. g3 Bg7 4. Bg2 O-O 5. Nc3 c6 6. e4 d6 7. Nf3 Bg4 8. h3 Bxf3 9. Bxf3 Nbd7 10. O-O e5 11. d5 cxd5 12. cxd5 a6 13. a4 Rc8 14.
Be3 Qa5 15. Qb3 Rc7 16. Qa3 Rfc8 17. Rfc1 Rc4 18. Be2 Rb4 19. Na2 Rxc1+ 20. Rxc1 Rxe4 21. Rc8+ Nf8 22. Qxd6 Qe1+ 23. Bf1 Rxe3 24. fxe3 Qxg3+ 25. Kh1 Ne4 0-1

[Event "Late-Titled-Tuesday-Blitz-January-16-2024"]
[Site "Chess.com"]
[Date "2024.01.16"]
[Round "8"]
[White "Msb2"]
[Black "Cambek64"]
[Result "1-0"]
[WhiteElo "3020"]
[BlackElo "2478"]
[TimeControl "180+1"]
[EndTime "15:26:10 PST"]
[Termination "Msb2 won by resignation"]

1. d4 c5 2. d5 e5 3. e4 d6 4. Bb5+ Nd7 5. a4 Nf6 6. Nc3 Be7 7. Nf3 O-O 8. O-O Ne8 9. Nd2 g6 10. Be2 Ng7 11. Nc4 a6 12. f4 f6 13. Be3 exf4 14. Bxf4 Ne5 15. Qd2 Bd7 16. a5 Qc7 17.
Nb6 Rae8 18. Kh1 Bd8 19. h3 f5 20. Bxe5 Rxe5 21. Nc4 Ree8 22. e5 dxe5 23. d6 Qc6 24.
Nd5 e4 25. Rad1 Bf6 26. Ncb6 Be5 27. Ne7+ Rxe7 28. dxe7 Be6 29. exf8=Q+ Kxf8 30. Qd8+ Kf7 31. Bc4 Bd4 32. c3 Bxc4 33. Nxc4 Qe6 34. Nd6+ 1-0

[Event "Late-Titled-Tuesday-Blitz-January-16-2024"]
[Site "Chess.com"]
[Date "2024.01.16"]
[Round "8"]
[White "mortngabriel"]
[Black "Too_Stupid_To_Play"]
[Result "1-0"]
[WhiteElo "2502"]
[BlackElo "2302"]
[TimeControl "180+1"]
[EndTime "15:26:10 PST"]
[Termination "mortngabriel won by resignation"]

1. e4 b6 2. d4 Bb7 3. Bd3 Nf6 4. Qe2 Nc6 5. c3 e5 6. d5 Ne7 7. Nf3 d6 8. Bb5+ Nd7 9. O-O g6 10. Bg5 Bg7 11. Nbd2 h6 12. Bxe7 Qxe7 13. Ba6 Bxa6 14. Qxa6 O-O 15. Ne1 f5 16. f3 fxe4 17. Nxe4 Nc5 18.
Qe2 Nxe4 19. Qxe4 Rf4 20. Qxg6 Raf8 21. Nd3 R4f6 22. Qe4 Qf7 23. c4 Rg6 24. b4 Qf5 25. Qxf5 Rxf5 26. Rae1 Rfg5 27. Rf2 h5 28. Re4 Bh6 29. Rfe2 Kf7 30. a4 Rf5 31. Kf2 Bg5 32. b5 h4 33. Nb4 Rg8 34. Nc6 Ra8 35. a5 Bf6 36. Ra2 bxa5 37. Rxa5 h3 38. g4 1-0

[Event "Late-Titled-Tuesday-Blitz-January-16-2024"]
[Site "Chess.com"]
[Date "2024.01.16"]
[Round "8"]
[White "Elsa167"]
[Black "LevonAronian"]
[Result "0-1"]
[WhiteElo "2861"]
[BlackElo "3094"]
[TimeControl "180+1"]
[EndTime "15:26:15 PST"]
[Termination "LevonAronian won by checkmate"]

1. d4 Nf6 2. c4 g6 3. Nc3 Bg7 4. e4 O-O 5. Be3 c5 6. d5 d6 7.
h3 e6 8. Nf3 a6 9. a4 b6 10. Bd3 Nbd7 11. O-O Rb8 12. Qd2 e5 13. a5 bxa5 14. Nd1 Rb4 15. Qc2 Nh5 16. Re1 Nf4 17. Bf1 f5 18. exf5 gxf5 19. g3 Ng6 20. Ng5 Nf6 21.
Bd2 e4 22. Bxb4 axb4 23. Ne6 Qe7 24. Ne3 Bxe6 25. dxe6 Qxe6 26. Rxa6 f4 27. Nd5 fxg3 28. fxg3 Nxd5 29. cxd5 Bd4+ 30. Kh1 Rxf1+ 31. Rxf1 Qxh3+ 32. Qh2 Qxf1+ 33. Qg1 Qxg1# 0-1

[Event "Late-Titled-Tuesday-Blitz-January-16-2024"]
[Site "Chess.com"]
[Date "2024.01.16"]
[Round "8"]
[White "jefferyx"]
[Black "BilodeauA"]
[Result "1/2-1/2"]
[WhiteElo "3000"]
[BlackElo "2924"]
[TimeControl "180+1"]
[EndTime "15:26:22 PST"]
[Termination "Game drawn by repetition"]

1. d4 d5 2. c4 dxc4 3. Nf3 a6 4. e3 Bg4 5. Bxc4 e6 6. O-O Nc6 7. Be2 Nf6 8. Nbd2 Bd6 9. h3 Bh5 10. Nc4 O-O 11. b3 Nd5 12. Bb2 f5 13. Rc1 Nce7 14. Nfe5 Bxe2 15. Qxe2 Qe8 16. a3 Rd8 17. Na5 Bxe5 18.
dxe5 b6 19. Nc4 f4 20. Qg4 Qg6 21. e4 Qxe4 22. Qxe6+ Kh8 23. Rfe1 Qd3 24. b4 f3 25. g3 Nf5 26. Red1 Qe4 27. Re1 Qd3 28. Red1 Qe4 29. Re1 Qd3 1/2-1/2

[Event "Late-Titled-Tuesday-Blitz-January-16-2024"]
[Site "Chess.com"]
[Date "2024.01.16"]
[Round "8"]
[White "reevecanada"]
[Black "scandalgod"]
[Result "1-0"]
[WhiteElo "2640"]
[BlackElo "2522"]
[TimeControl "180+1"]
[EndTime "15:26:22 PST"]
[Termination "reevecanada won by resignation"]

1. d4 d5 2. Bf4 Nf6 3. e3 e6 4. Bg3 Bd6 5. Nd2 O-O 6. Bd3 c5 7. c3 Qc7 8. f4 b6 9. Ngf3 Bb7 10. O-O Nbd7 11. Bh4 Ne4 12. Ne5 f5 13. Nxe4 fxe4 14.
Be2 Nxe5 15. fxe5 Be7 16. Bxe7 Qxe7 17. Qd2 a5 18. a4 Bc6 19. b3 Qg5 20. Rf4 Rxf4 21.
exf4 Qg6 22. Qe3 cxd4 23. cxd4 Rc8 24. Rc1 Bd7 25. Rxc8+ Bxc8 26. Qc1 Bd7 27. Qc7 Qf7 28. Qd8+ Be8 29. Qxb6 h5 30. g3 h4 31. Qxa5 hxg3 32.
hxg3 g5 33. Qd2 Qf5 34. fxg5 Bg6 35. Qf4 Qh3 36. Bg4 1-0

[Event "Late-Titled-Tuesday-Blitz-January-16-2024"]
[Site "Chess.com"]
[Date "2024.01.16"]
[Round "8"]
[White "WPWPWP-2015"]
[Black "NoHeThTo"]
[Result "1-0"]
[WhiteElo "2555"]
[BlackElo "2697"]
[TimeControl "180+1"]
[EndTime "15:26:23 PST"]
[Termination "WPWPWP-2015 won by resignation"]

1. d4 Nf6 2. g3 g6 3. Bg2 Bg7 4. e4 d6 5. Nc3 Nbd7 6. Nf3 c5 7. O-O cxd4 8. Nxd4 O-O 9. Re1 a6 10. a4 e6 11. Be3 Qc7 12. a5 Rb8 13. h3 b5 14.
Nb3 Rd8 15. Rc1 Bb7 16. Qe2 Nc5 17. e5 Nfd7 18. exd6 Qxd6 19. Bxb7 Nxb7 20. Red1 Qc6 21. Nd4 Qc7 22. Nb3 Nxa5 23. Nxa5 Qxa5 24. Bg5 Nf6 25. Rxd8+ Qxd8 26. Ne4 h6 27. Rd1 Qe7 28. Bxf6 Bxf6 29. Rd7 Qb4 30. Nxf6+ Kg7 31. Qe5 1-0

[Event "Late-Titled-Tuesday-Blitz-January-16-2024"]
[Site "Chess.com"]
[Date "2024.01.16"]
[Round "8"]
[White "orestn"]
[Black "pooh2012"]
[Result "1-0"]
[WhiteElo "2455"]
[BlackElo "2532"]
[TimeControl "180+1"]
[EndTime "15:26:34 PST"]
[Termination "orestn won on time"]

1. e4 c6 2. d4 d5 3. Nc3 dxe4 4.
Nxe4 Nd7 5. Bd3 Ngf6 6. Ng5 e6 7. Qe2 Bd6 8. N1f3 h6 9. Ne4 Nxe4 10. Qxe4 Qc7 11. g3 b6 12. Bd2 Bb7 13. O-O-O c5 14. Qe2 cxd4 15. Nxd4 Bxh1 16. Nb5 Qc6 17. Nxd6+ Qxd6 18. Rxh1 Qd5 19. Rd1 Qxa2 20. Bb4 Rc8 21. Ba3 Nc5 22. Bb5+ Kf8 23. Bc4 Qa1+ 24. Kd2 Rd8+ 25. Bd3 Qa2 26. Ke1 1-0